 Dungeon Crawl Stone Soup version 0.20-a0-1017-gc3250ce (webtiles) character file.

762 dvd the Chiller (level 7, -1/53 HPs)
             Began as a Grey Draconian Ice Elementalist on Apr 16, 2017.
             Killed from afar by an orc priest (20 damage)
             ... with a wand of acid (?/15)
             ... on level 5 of the Dungeon.
             The game lasted 00:12:23 (4954 turns).

dvd the Chiller (Grey Draconian Ice Elementalist)   Turns: 4954, Time: 00:12:24

Health: -1/53      AC: 17    Str: 10    XL:     7   Next: 51%
Magic:  11/14      EV: 12    Int: 18    God:
Gold:   242        SH:  0    Dex: 11    Spells: 5/15 levels left

rFire    + . .     SeeInvis .   a - +1 dagger (venom)
rCold    . . .     Gourm    .   (no shield)
rNeg     . . .     Faith    .   (armour unavailable)
rPois    .         Spirit   .   (helmet restricted)
rElec    .         Reflect  .   (no cloak)
rCorr    .         Harm     .   (no gloves)
MR       .....                  (no boots)
Stlth    ++........             s - amulet of rage
Regen    0.2/turn               p - ring of protection from fire
MPRegen  0.2/turn               (no ring)

@: icy armour, slow
A: walk through water, unfitting armour, unbreathing, cold-blooded, AC +11
a: Evoke Berserk Rage


You were on level 5 of the Dungeon.
You were not hungry.

You visited 1 branch of the dungeon, and saw 5 of its levels.

You collected 242 gold pieces.

Inventory:

Hand Weapons
 a - a +1 dagger of venom (weapon)
 h - a +0 hand axe
 k - a +0 dagger of freezing
 u - a +0 war axe
Missiles
 v - 3 tomahawks of dispersal (quivered)
Jewellery
 p - a ring of protection from fire (left hand)
 s - an amulet of rage (around neck)
Wands
 w - a wand of random effects (26/48)
Scrolls
 c - a scroll of fear {unknown}
 e - 6 scrolls of enchant armour {unknown}
 g - 4 scrolls of identify {unknown}
 i - 2 scrolls of remove curse {unknown}
 l - a scroll of noise {unknown}
 q - 3 scrolls of recharging {unknown}
 x - a scroll of magic mapping {unknown}
 y - a scroll of immolation {unknown}
Potions
 j - 2 potions of heal wounds {unknown}
 m - a potion of degeneration {unknown}
 r - 3 potions of mutation {unknown}
 t - a potion of curing {unknown}
 z - a potion of lignification {unknown}
Books
 n - a book of Frost

   Spells                             Type                      Level
   a - Freeze                         Ice                          1
   b - Throw Frost                    Conjuration/Ice              2
   c - Ozocubu's Armour               Charms/Ice                   3
   d - Throw Icicle                   Conjuration/Ice              4
   e - Summon Ice Beast               Ice/Summoning                4
Comestibles
 b - 4 bread rations
 d - 12 chunks of flesh
 f - 6 meat rations
 o - 3 fruits


   Skills:
 + Level 1.6 Fighting
 + Level 2.2 Short Blades
 + Level 2.2 Dodging
 + Level 2.7 Stealth
 + Level 0.2 Unarmed Combat
 + Level 4.8 Spellcasting
 + Level 1.7 Conjurations
 + Level 1.1 Charms
 + Level 5.5 Ice Magic


You had 5 spell levels left.
You knew the following spells:

 Your Spells              Type           Power        Failure   Level  Hunger
a - Freeze                Ice            ###.         1%          1    None
b - Throw Frost           Conj/Ice       ###...       6%          2    #......
c - Ozocubu's Armour      Chrm/Ice       ###.....     12%         3    ###....
d - Throw Icicle          Conj/Ice       ###.....     34%         4    ####...


Dungeon Overview and Level Annotations

Branches:
Dungeon (5/15)
 Temple: D:4-7

Altars:
Elyvilon
Fedhas
Kikubaaqudgha
Wu Jian
Xom
Yredelemnul

Annotations:
D:4 dvd's ghost, amateur DrIE


Innate Abilities, Weirdness & Mutations

You can walk through water.
Your dull iron-grey scales are very hard. (AC +11)
You cannot fit into any form of body armour.
You can survive without breathing.
You are cold-blooded and may be slowed by cold attacks.


Message History

You butcher the ogre corpse.
d - 12 chunks of flesh (gained 5)
Things that are here:
a giant spiked club; an ogre skeleton An orc comes into view.
It is wielding a club.
An orc comes into view. It is wielding a falchion.
The orc shouts!
An orc priest, an orc wizard and a shadow imp come into view.
The shadow imp shouts, "Give in, thou froward rude-growing skainsmate!"
An orc comes into view.
You closely miss the orc. The orc hits you but does no damage.
The orc priest shouts!
The shadow imp gestures at you.
You struggle to resist.
The shadow imp gestures at you. Pain shoots through your body!
The orc priest calls down the wrath of Beogh upon you.
Beogh smites you!
The orc priest zaps a wand.
The bolt of acid hits you!
You die...

..... ..#. ## .... ####...
#..##### ###...(#. #...5..##
##...####.
........########..#......
.#.#.#.#.#)@.(..(.(.##......
#......oo..###########......
.#...#.#.#o####.......>.....
................#####....###
. ...oo#.#.....## #.####
...#...........#### #.#
#.#.##....#.#......# .)#
#...........#...##..#.##
#.(#.#.#.#......# ...#


You could see an orc priest, an orc wizard, a shadow imp and 3 orcs.

Vanquished Creatures
  An ogre (D:5)
  A centaur (D:5)
  A scorpion (D:4)
  A crimson imp (D:4)
  A bullfrog zombie (D:5)
  A jelly (D:5)
  An orc priest (D:4)
  2 bullfrog skeletons (D:5)
  A hound (D:5)
  2 orc wizards
  An iguana (D:5)
  2 worker ants (D:4)
  A hound skeleton (D:5)
  A worker ant zombie (D:3)
  5 adders
  A shadow imp (D:5)
  An ooze (D:2)
  5 worms
  2 dart slugs
  4 leopard geckos
  12 orcs
  2 giant cockroaches
  6 goblins
  8 hobgoblins
  16 jackals
  7 kobolds
  4 ball pythons
  8 bats
  5 frilled lizards
  A jackal skeleton (D:4)
  A leopard gecko zombie (D:5)
  6 rats
111 creatures vanquished.

Notes
Turn   | Place    | Note
-------+----------+-------------------------------------------
     0 | D:1      | dvd the Draconian Ice Elementalist began the quest for the Orb.
     0 | D:1      | Reached XP level 1. HP: 14/14 MP: 3/3
   260 | D:1      | Reached XP level 2. HP: 20/20 MP: 3/5
   265 | D:1      | Learned a level 2 spell: Throw Frost
  1149 | D:2      | Reached XP level 3. HP: 16/26 MP: 2/6
  1415 | D:2      | Found a basalt altar of Yredelemnul.
  1456 | D:2      | Learned a level 3 spell: Ozocubu's Armour
  1496 | D:2      | Reached XP level 4. HP: 33/33 MP: 3/8
  2238 | D:3      | Reached skill level 4 in Ice Magic
  2548 | D:3      | Reached XP level 5. HP: 36/39 MP: 4/9
  2668 | D:3      | Found a white marble altar of Elyvilon.
  2675 | D:3      | Found an ornate altar of the Wu Jian Council.
  2676 | D:3      | Found a blossoming altar of Fedhas.
  2691 | D:3      | Found an ancient bone altar of Kikubaaqudgha.
  3062 | D:4      | Reached skill level 1 in Short Blades
  3293 | D:4      | Noticed dvd's ghost (amateur DrIE)
  3294 | D:4      | Reached XP level 6. HP: 39/46 MP: 2/11
  3607 | D:4      | Found a shimmering altar of Xom.
  3608 | D:4      | Found a shimmering altar of Xom.
  3609 | D:4      | Found a shimmering altar of Xom.
  3609 | D:4      | Found a shimmering altar of Xom.
  3609 | D:4      | Found a shimmering altar of Xom.
  3610 | D:4      | Found a shimmering altar of Xom.
  4355 | D:3      | Learned a level 4 spell: Throw Icicle
  4366 | D:5      | Entered Level 5 of the Dungeon
  4588 | D:5      | Reached skill level 5 in Ice Magic
  4595 | D:5      | Reached skill level 1 in Fighting
  4766 | D:5      | Your scales start taking on a dull iron-grey colour.
  4766 | D:5      | Reached XP level 7. HP: 51/52 MP: 9/13
  4766 | D:5      | Gained mutation: You can survive without breathing. [Grey Draconian growth]
  4771 | D:5      | Reached skill level 1 in Charms
  4954 | D:5      | Killed from afar by an orc priest

Vault maps used:
D:1:      nagdon_arrival_double_spiral
D:2:      roderic_digamma_sauvastika, yredelemnul_altar_generic
D:3:      minitemple
D:4:      xom_redecorated, first_bread
D:5:      lemuel_round_altar, hangedman_decor_riveting

Skill      XL: |  1  2  3  4  5  6  7 |
---------------+----------------------+-----
Stealth        | 2 |  2.7
Dodging        | 2 |  2.2
Spellcasting   | 3 4 |  4.8
Ice Magic      | 4 5 |  5.5
Short Blades   | 1 2 |  2.2
Fighting       | 1 |  1.6
Charms         | 1 |  1.1
Unarmed Combat | |  0.2
Conjurations   | |  1.7

Action                   |  1- 3 |  4- 6 |  7- 9 || total
-------------------------+-------+-------+-------++-------
Melee: Unarmed           |     2 |       |       ||     2
       Dagger            |    45 |   164 |    30 ||   239
       Hand axe          |     6 |       |       ||     6
       Tailslap          |     4 |    21 |     5 ||    30
 Cast: Freeze            |    34 |    63 |     3 ||   100
       Throw Frost       |     7 |    21 |     5 ||    33
       Ozocubu's Armour  |       |    17 |     1 ||    18
 Stab: Sleeping          |     3 |     2 |       ||     5
  Eat: Chunk             |     3 |    11 |     1 ||    15
       Royal jelly       |       |     1 |       ||     1
Armor: Skin              |    25 |    72 |    11 ||   108
Dodge: Dodged            |    50 |   135 |    24 ||   209
